MID
FORT WAYNE TINCAPS @ BINGHAMTON METS
09/23/2047
 
TOP OF THE 1ST
Fort Wayne TinCaps batting - Pitching for Binghamton Mets : RHP Eddie Carrasco
Pitching: RHP Eddie Carrasco
Batting: RHB Dave McBain 0-0: Ball
1-0: Bunt missed!
1-1: SINGLE (Line Drive, 8RS, EV 93.1 MPH)
Batting: RHB Tak-keung Chieu 0-0: Ball
1-0: Called Strike
1-1: Ball
2-1: Ball
3-1: DOUBLE (Line Drive, 9LM, EV 91.9 MPH)
Dave McBain to third
Runner from 3rd tries for Home, SAFE, no throw by RF
Batting: LHB Carlos Cuellar 0-0: Ball
1-0: Foul Ball, location: 2F
1-1: Foul Ball, location: 2F
1-2: Foul Ball, location: 2F
1-2: Foul Ball, location: 2F
1-2: SINGLE (Groundball, 56D, EV 102.5 MPH)
Tak-keung Chieu to third
Batting: RHB Freddie Brown 0-0: Ball
1-0: Ball
2-0: Ball
3-0: Base on Balls
Carlos Cuellar to second
Batting: RHB Brian DeVoe 0-0: Ball
1-0: Foul Ball, location: 2F
1-1: Foul Ball, location: 2F
1-2: Strikes out looking
Batting: SHB Yutaro Takahashi 0-0: Called Strike
0-1: Ball
1-1: Foul Ball, location: 2F
1-2: Ball
2-2: Strikes out looking
Batting: RHB Phil McFadden 0-0: Ground out 1-3 (Groundball, 15, EV 62.5 MPH)
Top of the 1st over - 1 run, 3 hits, 0 errors, 3 left on base; Fort Wayne 1 - Binghamton 0
BOTTOM OF THE 1ST
Binghamton Mets batting - Pitching for Fort Wayne TinCaps : RHP Liam Tate
Pitching: RHP Liam Tate
Batting: RHB Oscar Bravo 0-0: Called Strike
0-1: Ball
1-1: Called Strike
1-2: Strikes out swinging
Batting: RHB Jose Lara 0-0: DOUBLE (Groundball, 5L, EV 105.0 MPH)
Batting: SHB Masatoshi Akahoshi 0-0: Ball
1-0: Called Strike
1-1: Foul Ball, location: 2F
1-2: Ball
2-2: Foul Ball, location: 2F
2-2: Strikes out swinging
Batting: LHB Tony Leyba 0-0: Foul Ball, location: 2F
0-1: Ball
1-1: Ball
2-1: SINGLE (Groundball, 25, EV 70.0 MPH) (infield hit)
Jose Lara to third
Batting: RHB Jordan Williams 0-0: Called Strike
0-1: Ball
1-1: Fielders Choice at 2nd, 6-4 (Groundball, 6, EV 81.2 MPH)
Bottom of the 1st over - 0 runs, 2 hits, 0 errors, 2 left on base; Fort Wayne 1 - Binghamton 0
TOP OF THE 2ND
Fort Wayne TinCaps batting - Pitching for Binghamton Mets : RHP Eddie Carrasco
Batting: RHB Kyle Ashton 0-0: Swinging Strike
0-1: Foul Ball, location: 2F
0-2: Ball
1-2: Ball
2-2: Strikes out swinging
Batting: RHB Ed Oake 0-0: Called Strike
0-1: Ball
1-1: Swinging Strike
1-2: Ball
2-2: Ball
3-2: Foul Ball, location: 2F
3-2: Base on Balls
Batting: RHB Dave McBain 0-0: Fielders Choice at 2nd, 4-6 (Groundball, 4, EV 88.8 MPH)
Batting: RHB Tak-keung Chieu 0-0: Called Strike
Dave McBain steals 2nd base (no throw)
0-1: Foul Ball, location: 2F
0-2: Reached on error, E4 (Groundball, 4, EV 82.5 MPH)
Dave McBain to third
Batting: LHB Carlos Cuellar 0-0: Ball
1-0: Ball
2-0: Fly out, F8 (Line Drive, 8LM, EV 96.9 MPH)
Top of the 2nd over - 0 runs, 0 hits, 1 error, 2 left on base; Fort Wayne 1 - Binghamton 0
BOTTOM OF THE 2ND
Binghamton Mets batting - Pitching for Fort Wayne TinCaps : RHP Liam Tate
Batting: LHB Bayesa Mundhir 0-0: Called Strike
0-1: Ball
1-1: Foul Ball, location: 2F
1-2: Fly out, F7 (Line Drive, 7S, EV 101.2 MPH)
Batting: LHB Preston Knaak 0-0: Ball
1-0: Foul Ball, location: 2F
1-1: Foul Ball, location: 2F
1-2: Foul Ball, location: 2F
1-2: Ball
2-2: Foul Ball, location: 2F
2-2: Ball
3-2: Ground out 6-3 (Groundball, 6, EV 80.6 MPH)
Batting: RHB Rich Cracchiolo 0-0: Ball
1-0: Called Strike
1-1: Swinging Strike
1-2: Ball
2-2: Ground out 1-3 (Groundball, 13S, EV 68.8 MPH)
Bottom of the 2nd over - 0 runs, 0 hits, 0 errors, 0 left on base; Fort Wayne 1 - Binghamton 0
TOP OF THE 3RD
Fort Wayne TinCaps batting - Pitching for Binghamton Mets : RHP Eddie Carrasco
Batting: RHB Freddie Brown 0-0: Ball
1-0: Ball
2-0: Foul Ball, location: 2F
2-1: Ground out 1-3 (Groundball, 34S, EV 63.8 MPH)
Batting: RHB Brian DeVoe 0-0: Swinging Strike
0-1: Ball
1-1: Ball
2-1: Foul Ball, location: 2F
2-2: Foul Ball, location: 2F
2-2: Ball
3-2: Foul Ball, location: 2F
3-2: Base on Balls
Batting: SHB Yutaro Takahashi 0-0: Ball
1-0: Swinging Strike
1-1: DOUBLE (Line Drive, 9LS, EV 104.4 MPH)
Brian DeVoe to third
Batting: RHB Phil McFadden 0-0: Ball
1-0: Fly out, F8 (Flyball, 89D, EV 88.1 MPH)
Runner from 3rd tags up, SCORES, throw by CF
Yutaro Takahashi to third
Batting: RHB Kyle Ashton 0-0: Ball
1-0: Foul Ball, location: 2F
1-1: Ball
2-1: Foul Ball, location: 2F
2-2: Foul Ball, location: 2F
2-2: Strikes out swinging
Top of the 3rd over - 1 run, 1 hit, 0 errors, 1 left on base; Fort Wayne 2 - Binghamton 0
BOTTOM OF THE 3RD
Binghamton Mets batting - Pitching for Fort Wayne TinCaps : RHP Liam Tate
Batting: RHB Victor Reyes 0-0: Ground out 5-3 (Groundball, 5, EV 80.0 MPH)
Batting: RHB Oscar Bravo 0-0: Ground out 4-3 (Groundball, 4, EV 85.6 MPH)
Batting: RHB Jose Lara 0-0: Foul Ball, location: 2F
0-1: Ball
1-1: Ground out 6-3 (Groundball, 4MD, EV 104.4 MPH)
Bottom of the 3rd over - 0 runs, 0 hits, 0 errors, 0 left on base; Fort Wayne 2 - Binghamton 0
TOP OF THE 4TH
Fort Wayne TinCaps batting - Pitching for Binghamton Mets : RHP Eddie Carrasco
Batting: RHB Ed Oake 0-0: Ball
1-0: Ball
2-0: Ball
3-0: Base on Balls
Batting: RHB Dave McBain 0-0: Ball
1-0: Foul Ball, location: 2F
1-1: Ball
2-1: Reached on error, E4 (Groundball, 4M, EV 86.9 MPH)
Ed Oake to second
Batting: RHB Tak-keung Chieu 0-0: Foul Ball, location: 2F
0-1: Ball
1-1: Swinging Strike
1-2: Strikes out swinging
Batting: LHB Carlos Cuellar 0-0: Ball
1-0: Swinging Strike
1-1: DOUBLE (Line Drive, 78XD, EV 110.0 MPH)
Ed Oake scores
Dave McBain to third
Runner from 3rd tries for Home, SAFE, throw by LF to home
Batting: RHB Freddie Brown 0-0: Ground out 6-3 (Groundball, 6, EV 81.9 MPH)
Batting: RHB Brian DeVoe 0-0: Swinging Strike
0-1: Fly out, F7 (Flyball, 7D, EV 103.8 MPH)
Top of the 4th over - 2 runs, 1 hit, 1 error, 1 left on base; Fort Wayne 4 - Binghamton 0
BOTTOM OF THE 4TH
Binghamton Mets batting - Pitching for Fort Wayne TinCaps : RHP Liam Tate
Batting: SHB Masatoshi Akahoshi 0-0: Ground out 4-3 (Groundball, 4, EV 86.2 MPH)
Batting: LHB Tony Leyba 0-0: Ball
1-0: Ball
2-0: Foul Ball, location: 2F
2-1: Ball
3-1: SINGLE (Groundball, 4MD, EV 100.0 MPH)
Batting: RHB Jordan Williams 0-0: SINGLE (Line Drive, 78M, EV 97.5 MPH)
Tony Leyba to second
Batting: LHB Bayesa Mundhir 0-0: Called Strike
0-1: Ball
1-1: Fielders Choice at 2nd, 4-6 (Groundball, 34, EV 88.1 MPH)
Tony Leyba to third
Batting: LHB Preston Knaak 0-0: SINGLE (Line Drive, 8LS, EV 100.0 MPH)
Tony Leyba scores
Bayesa Mundhir to second
Runner from 2nd tries for 3rd, SAFE, throw by CF made to third
Batting: RHB Rich Cracchiolo 0-0: Ball
1-0: Ball
2-0: Foul Ball, location: 2F
2-1: Ground out 5-3 (Groundball, 56S, EV 69.4 MPH)
Bottom of the 4th over - 1 run, 3 hits, 0 errors, 2 left on base; Fort Wayne 4 - Binghamton 1
TOP OF THE 5TH
Fort Wayne TinCaps batting - Pitching for Binghamton Mets : RHP Eddie Carrasco
Batting: SHB Yutaro Takahashi 0-0: Ball
1-0: Fly out, F9 (Line Drive, 9S, EV 95.0 MPH)
Batting: RHB Phil McFadden 0-0: Foul Ball, location: 2F
0-1: Foul Ball, location: 2F
0-2: Strikes out swinging
Batting: RHB Kyle Ashton 0-0: Ball
1-0: Ball
2-0: Fly out, F5 (Popup, 56S, EV 65.0 MPH)
Top of the 5th over - 0 runs, 0 hits, 0 errors, 0 left on base; Fort Wayne 4 - Binghamton 1
BOTTOM OF THE 5TH
Binghamton Mets batting - Pitching for Fort Wayne TinCaps : RHP Liam Tate
Batting: RHB Victor Reyes 0-0: Ball
1-0: Foul Ball, location: 2F
1-1: Ball
2-1: Ball
3-1: Foul Ball, location: 2F
3-2: Ground out 6-3 (Groundball, 6, EV 85.0 MPH)
Batting: RHB Oscar Bravo 0-0: Ball
1-0: Ground out 4-3 (Groundball, 4S, EV 61.2 MPH)
Batting: RHB Jose Lara 0-0: Called Strike
0-1: Ball
1-1: Ground out 6-3 (Groundball, 6, EV 86.9 MPH)
Bottom of the 5th over - 0 runs, 0 hits, 0 errors, 0 left on base; Fort Wayne 4 - Binghamton 1
TOP OF THE 6TH
Fort Wayne TinCaps batting - Pitching for Binghamton Mets : RHP Eddie Carrasco
Batting: RHB Ed Oake 0-0: Ball
1-0: Foul Ball, location: 2F
1-1: Fly out, F6 (Popup, 6M, EV 60.0 MPH)
Batting: RHB Dave McBain 0-0: Ball
1-0: Ball
2-0: Foul Ball, location: 2F
2-1: SINGLE (Groundball, 34D, EV 96.2 MPH)
Batting: RHB Tak-keung Chieu 0-0: Called Strike
0-1: Ball
1-1: Called Strike
1-2: Foul Ball, location: 2F
1-2: Ball
2-2: DOUBLE (Flyball, 8LXD, EV 96.9 MPH)
Dave McBain to third
Pitching: RHP Gwidon Kaminski
Batting: LHB Carlos Cuellar 0-0: Ball
1-0: Called Strike
1-1: Ball
2-1: Fly out, F8 (Flyball, 8LXD, EV 105.6 MPH)
Runner from 3rd tags up, SCORES, no throw by CF
Batting: RHB Freddie Brown 0-0: Ball
1-0: Foul Ball, location: 2F
1-1: Ball
2-1: Swinging Strike
2-2: SINGLE (Groundball, 25, EV 68.8 MPH) (infield hit)
Tak-keung Chieu to third
Batting: RHB Brian DeVoe 0-0: Ball
1-0: Ball
2-0: Foul Ball, location: 2F
2-1: Ball
3-1: Fly out, F7 (Flyball, 7LS, EV 89.4 MPH)
Top of the 6th over - 1 run, 3 hits, 0 errors, 2 left on base; Fort Wayne 5 - Binghamton 1
BOTTOM OF THE 6TH
Binghamton Mets batting - Pitching for Fort Wayne TinCaps : RHP Liam Tate
Batting: SHB Masatoshi Akahoshi 0-0: Ball
1-0: Foul Ball, location: 2F
1-1: Ball
2-1: Ball
3-1: Foul Ball, location: 2F
3-2: Foul Ball, location: 2F
3-2: Base on Balls
Batting: LHB Tony Leyba 0-0: Called Strike
0-1: Ball
1-1: Swinging Strike
1-2: Reached on error, E3 (Groundball, 3, EV 106.2 MPH)
Masatoshi Akahoshi to second
Batting: RHB Jordan Williams 0-0: Ball
1-0: Ball
Balk!
Masatoshi Akahoshi to third
Tony Leyba to second
2-0: Called Strike
2-1: Ball
3-1: Called Strike
3-2: Base on Balls
Pitching: RHP Jason Barlow
Batting: LHB Bayesa Mundhir 0-0: Called Strike
0-1: Fly out, F4 (Flyball, 4D, EV 91.2 MPH)
Batting: LHB Preston Knaak 0-0: Ball
1-0: Called Strike
1-1: Swinging Strike
1-2: Strikes out swinging
Batting: RHB Rich Cracchiolo 0-0: Ball
1-0: Foul Ball, location: 2F
1-1: Foul Ball, location: 2F
1-2: Ball
2-2: Ball
3-2: Strikes out swinging
Bottom of the 6th over - 0 runs, 0 hits, 1 error, 3 left on base; Fort Wayne 5 - Binghamton 1
TOP OF THE 7TH
Fort Wayne TinCaps batting - Pitching for Binghamton Mets : RHP Gwidon Kaminski
Pitching: RHP Al Rios
Batting: SHB Yutaro Takahashi 0-0: Called Strike
0-1: Ball
1-1: Ball
2-1: Swinging Strike
2-2: Strikes out swinging
Batting: RHB Phil McFadden 0-0: Called Strike
0-1: Ground out 6-3 (Groundball, 6S, EV 70.6 MPH)
Batting: RHB Kyle Ashton 0-0: Swinging Strike
0-1: Foul Ball, location: 2F
0-2: Ball
1-2: Ball
2-2: Ball
3-2: Fly out, F4 (Popup, 13, EV 86.9 MPH)
Top of the 7th over - 0 runs, 0 hits, 0 errors, 0 left on base; Fort Wayne 5 - Binghamton 1
BOTTOM OF THE 7TH
Binghamton Mets batting - Pitching for Fort Wayne TinCaps : RHP Jason Barlow
Batting: RHB Victor Reyes 0-0: Called Strike
0-1: Called Strike
0-2: Ball
1-2: SINGLE (Line Drive, 4MD, EV 97.5 MPH)
Batting: RHB Oscar Bravo 0-0: Bunted foul
0-1: Bunted foul
0-2: Ball
1-2: Ball
2-2: DOUBLE (Line Drive, 7LD, EV 98.1 MPH)
Victor Reyes to third
Runner from 3rd tries for Home, SAFE, throw by LF to trailing runner, OUT at third! 7-3-5
Batting: RHB Jose Lara 0-0: Called Strike
0-1: Ball
1-1: Called Strike
1-2: Foul Ball, location: 2F
1-2: Foul Ball, location: 2F
1-2: Ball
2-2: Ground out 4-3 (Groundball, 4, EV 95.6 MPH)
Batting: SHB Masatoshi Akahoshi 0-0: Ball
1-0: Ball
2-0: Foul Ball, location: 2F
2-1: Swinging Strike
2-2: Strikes out swinging
Bottom of the 7th over - 1 run, 2 hits, 0 errors, 0 left on base; Fort Wayne 5 - Binghamton 2
TOP OF THE 8TH
Fort Wayne TinCaps batting - Pitching for Binghamton Mets : RHP Al Rios
Pitching: RHP Rodriguo Persoa
Batting: RHB Ed Oake 0-0: Ground out 5-3 (Groundball, 56S, EV 90.6 MPH)
Batting: RHB Dave McBain 0-0: Ball
1-0: Foul Ball, location: 2F
1-1: Foul Ball, location: 2F
1-2: Ball
2-2: Strikes out swinging
Batting: RHB Tak-keung Chieu 0-0: Ball
1-0: Ground out 4-3 (Groundball, 4, EV 90.6 MPH)
Top of the 8th over - 0 runs, 0 hits, 0 errors, 0 left on base; Fort Wayne 5 - Binghamton 2
BOTTOM OF THE 8TH
Binghamton Mets batting - Pitching for Fort Wayne TinCaps : RHP Jason Barlow
Batting: LHB Tony Leyba 0-0: Ball
1-0: Called Strike
1-1: Swinging Strike
1-2: Ball
2-2: Strikes out looking
Batting: RHB Jordan Williams 0-0: Foul Ball, location: 2F
0-1: Foul Ball, location: 2F
0-2: Strikes out looking
Batting: LHB Bayesa Mundhir 0-0: Swinging Strike
0-1: Swinging Strike
0-2: Strikes out looking
Bottom of the 8th over - 0 runs, 0 hits, 0 errors, 0 left on base; Fort Wayne 5 - Binghamton 2
TOP OF THE 9TH
Fort Wayne TinCaps batting - Pitching for Binghamton Mets : RHP Rodriguo Persoa
Pitching: RHP Edwin Velazquez
Batting: LHB Carlos Cuellar 0-0: Ball
1-0: Ground out 6-3 (Groundball, 6MS, EV 81.2 MPH)
Batting: RHB Freddie Brown 0-0: Ball
1-0: Ground out 6-3 (Groundball, 6, EV 85.0 MPH)
Batting: RHB Brian DeVoe 0-0: Ball
1-0: SINGLE (Groundball, 4D, EV 94.4 MPH)
Batting: SHB Yutaro Takahashi 0-0: Ball
1-0: Ball
2-0: Ball
3-0: Called Strike
3-1: Called Strike
3-2: Base on Balls
Brian DeVoe to second
Batting: RHB Phil McFadden 0-0: Ball
1-0: Fielders Choice at 2nd, 6-4 (Groundball, 6, EV 78.8 MPH)
Top of the 9th over - 0 runs, 1 hit, 0 errors, 2 left on base; Fort Wayne 5 - Binghamton 2
BOTTOM OF THE 9TH
Binghamton Mets batting - Pitching for Fort Wayne TinCaps : RHP Jason Barlow
Pitching: LHP Ismael Diaz
Batting: LHB Preston Knaak 0-0: Foul Ball, location: 2F
0-1: Foul Ball, location: 2F
0-2: Strikes out looking
Batting: RHB Rich Cracchiolo 0-0: Ball
1-0: Foul Ball, location: 2F
1-1: Ground out 4-3 (Groundball, 4, EV 83.8 MPH)
Batting: RHB Victor Reyes 0-0: Ball
1-0: Ball
2-0: Ball
3-0: Base on Balls
Batting: RHB Oscar Bravo 0-0: Ball
Pickoff Throw to First - Out! 1-3
Bottom of the 9th over - 0 runs, 0 hits, 0 errors, 0 left on base; Fort Wayne 5 - Binghamton 2
Thursday, December 15th , 2022 - OOTP Baseball 23.9 Build 102